London Knights vs Erie Otters
Created - Sunday, May 7, 2023 at 07:13
Goals
|
| London Knights |
1 |
1 |
1 |
3 |
| Erie Otters |
3 |
1 |
2 |
6 |
|
Shots
|
| London Knights |
10 |
19 |
13 |
42 |
| Erie Otters |
11 |
11 |
12 |
34 |
|
1st period
1. Erie Otters , Alex Newhook 22 (Trent Frederic 25) at 7:17
2. Erie Otters , Aaron Ness 1 (Andy Andreoff 40, Michael Eyssimont 23) at 16:29 (PP)
3. Erie Otters , Paul Cotter 21 (Alex Newhook 56, Alex Petrovic 12) at 17:02
4. London Knights , Nick Swaney 5 (Jan Jenik 20, Connor Bunnaman 14) at 18:23 (PP)
Penalties :
Adam Brubacher (ERO) for Fighting (Major) at 0:41, Jan Jenik (LKN) for Fighting (Major) at 0:41, Alex Gallant (ERO) for Holding Stick (Minor) at 1:01, Kevin Davis (ERO) for Fighting (Major) at 8:47, Simon Lundmark (LKN) for Fighting (Major) at 8:47, Paul Cotter (ERO) for Fighting (Major) at 11:39, Cole Koepke (LKN) for Fighting (Major) at 11:39, Nick Swaney (LKN) for Roughing (Minor) at 14:59, Alex Petrovic (ERO) for Tripping (Minor) at 17:36
2nd period
5. London Knights , Connor Bunnaman 9 (Jan Jenik 21, Simon Lundmark 8) at 6:46
6. Erie Otters , Michael Eyssimont 23 (Sampo Ranta 26, Andy Andreoff 41) at 11:13
Penalties :
Jan Jenik (LKN) for Roughing (Minor) at 13:15, Andy Andreoff (ERO) for Fighting (Major) at 18:34, Troy Stecher (LKN) for Fighting (Major) at 18:34, Michael Eyssimont (ERO) for Tripping (Minor) at 18:57
3rd period
7. Erie Otters , Sampo Ranta 19 (Andy Andreoff 42) at 5:47 (PP)
8. London Knights , Simon Ryfors 6 (Sami Niku 8, Simon Lundmark 9) at 7:07
9. Erie Otters , Ty Ronning 20 (Aaron Luchuk 13) at 12:27
Penalties :
Curtis Douglas (LKN) for Holding Stick (Minor) at 1:07, Tyce Thompson (LKN) for Hooking (Minor) at 5:45, Paul Cotter (ERO) for Fighting (Major) at 12:30, Cameron Hughes (LKN) for Fighting (Major) at 12:30, Paul Cotter (ERO) for instigated a fight (Minor) at 12:30, Paul Cotter (ERO) for instigated a fight (10 Minutes Misconduct) at 12:30
Goalie Stats
Michael Hutchinson (LKN), 28 saves from 34 shots - (0.824), L, 4-11-2, 60:00 minutes
Adam Werner (ERO), 39 saves from 42 shots - (0.929), W, 1-0-0, 60:00 minutes
Players Stats for London Knights
Player Name G A P +/- PIM S H SB GA TA FO MP PP MP PK MP
------------------------------------------------------------------------------------
Cameron Hughes 0 0 0 -1 5 2 3 0 1 0 3/4 19:26 2:30 1:09
Christian Wolanin 0 0 0 -1 0 1 0 1 0 0 0/0 20:29 2:36 2:16
Cole Koepke 0 0 0 -1 5 5 2 0 0 0 0/0 11:04 1:14 0:00
Connor Bunnaman 1 1 2 0 0 3 2 0 0 1 0/0 17:14 2:50 0:37
Curtis Douglas 0 0 0 -1 2 3 4 0 2 1 6/11 10:37 0:00 0:16
Declan McDonnell 0 0 0 0 0 0 1 0 0 0 0/0 6:55 0:14 0:00
Dominik Bokk 0 0 0 -1 0 0 2 1 0 1 0/0 11:48 0:14 1:12
Ethan Bear 0 0 0 -2 0 5 4 1 2 1 0/0 28:58 4:08 2:59
Jan Jenik 0 2 2 0 7 3 2 0 1 0 3/9 17:19 2:00 2:13
Jordan Oesterle 0 0 0 -1 0 0 1 3 0 1 0/0 20:55 2:36 2:04
Marco Rossi 0 0 0 0 0 3 0 0 3 1 3/3 10:40 1:00 1:01
Nick Swaney 1 0 1 0 2 4 0 1 0 0 0/1 16:13 2:50 0:00
Rasmus Kupari 0 0 0 -1 0 3 2 0 0 0 17/38 23:50 3:40 3:11
Sami Niku 0 1 1 1 0 1 1 0 0 1 0/0 13:05 1:40 0:27
Simon Lundmark 0 2 2 1 5 0 0 0 0 1 0/0 10:25 0:00 1:07
Simon Ryfors 1 0 1 0 0 2 0 0 0 0 0/0 8:47 0:00 1:21
Troy Stecher 0 0 0 -2 5 2 2 5 0 1 0/0 25:58 2:28 2:07
Tyce Thompson 0 0 0 -1 2 5 2 0 1 0 1/4 20:38 3:40 0:00
Players Stats for Erie Otters
Player Name G A P +/- PIM S H SB GA TA FO MP PP MP PK MP
------------------------------------------------------------------------------------
Aaron Luchuk 0 1 1 0 0 2 0 0 1 1 4/9 14:41 0:00 1:08
Aaron Ness 1 0 1 0 0 2 0 1 0 2 0/0 23:12 2:27 3:26
Abbott Girduckis 0 0 0 -1 0 0 0 0 0 0 1/2 8:00 0:00 0:00
Adam Brubacher 0 0 0 -1 5 0 0 0 0 0 0/1 7:11 0:00 0:00
Adam Clendening 0 0 0 -1 0 2 2 1 1 0 0/0 22:01 3:03 3:18
Alec McCrea 0 0 0 3 0 0 2 3 1 0 0/0 16:19 0:00 0:00
Alex Biega 0 0 0 -1 0 1 3 1 0 2 0/0 21:50 3:03 3:18
Alex Gallant 0 0 0 0 2 0 1 0 0 0 0/0 13:31 0:00 0:00
Alex Newhook 1 1 2 2 0 7 2 0 0 1 17/30 19:54 2:58 3:22
Alex Petrovic 0 1 1 0 2 1 1 2 0 1 0/0 21:31 2:27 3:07
Alex-Olivier Voyer 0 0 0 -1 0 1 0 0 0 0 0/0 10:22 0:32 0:00
Andy Andreoff 0 3 3 1 5 1 1 0 1 0 11/18 16:24 1:19 2:32
Kevin Davis 0 0 0 3 5 1 1 1 1 1 0/0 15:01 0:00 0:19
Michael Eyssimont 1 1 2 1 2 1 2 0 1 0 1/1 17:06 2:26 1:02
Paul Cotter 1 0 1 2 22 2 0 1 0 1 1/2 14:37 1:56 2:30
Sampo Ranta 1 1 2 1 0 4 0 1 0 0 0/1 15:46 2:17 0:16
Trent Frederic 0 1 1 2 0 5 0 0 1 0 2/2 18:36 2:58 2:38
Ty Ronning 1 0 1 0 0 4 0 0 2 1 0/4 17:06 2:04 0:00
3 Stars
1 - Alex Newhook (ERO)
2 - Sampo Ranta (ERO)
3 - Michael Eyssimont (ERO)
Power Play
London Knights - 1 on 4 Attempt(s) - 25.00%
Erie Otters - 2 on 4 Attempt(s) - 50.00%
Penalty Kill
London Knights - 2 on 4 Attempt(s) - 50.00%
- Score 0 goal in Penalty Kill
Erie Otters - 3 on 4 Attempt(s) - 75.00%
- Score 0 goal in Penalty Kill
Team Stat
London Knights - Hits : 28 - Faceoff Wins : 33 - Blocked Shots : 12 - Penalty Minutes : 33
Erie Otters - Hits : 15 - Faceoff Wins : 37 - Blocked Shots : 11 - Penalty Minutes : 43
Official
Referees : Dave Jackson and Tom Kowal
Linesman : Unknown
Game Notes
Jan Jenik beats up Adam Brubacher at 0:41 of 1st period
Kevin Davis and Simon Lundmark fight to a draw at 8:47 of 1st period
Cole Koepke beats up Paul Cotter at 11:39 of 1st period
Andy Andreoff beats up Troy Stecher at 18:34 of 2nd period
Paul Cotter and Cameron Hughes fight to a draw at 12:30 of 3rd period
13:13 of 3rd period - London Knights goal is going for a video replay. After video review, No Goal. The puck has been kicked using a distinct kicking motion.
London Knights
5 vs 5 Forward
Center Left Wing Right Wing Time % Phy DF OF
1 Rasmus Kupari Cameron Hughes Tyce Thompson 40 1 2 2
2 Jan Jenik Connor Bunnaman Nick Swaney 30 1 2 2
3 Curtis Douglas Cole Koepke Dominik Bokk 20 1 2 2
4 Marco Rossi Simon Ryfors Declan McDonnell 10 1 2 2
5 vs 5 Defense
Defense Defense Time % Phy DF OF
1 Ethan Bear Troy Stecher 40 1 2 2
2 Jordan Oesterle Christian Wolanin 30 1 2 2
3 Sami Niku Simon Lundmark 20 1 2 2
4 Ethan Bear Troy Stecher 10 1 2 2
PowerPlay Forward
Center Left Wing Right Wing Time % Phy DF OF
1 Rasmus Kupari Cameron Hughes Tyce Thompson 60 1 2 2
2 Jan Jenik Connor Bunnaman Nick Swaney 40 1 2 2
PowerPlay Defense
Defense Defense Time % Phy DF OF
1 Ethan Bear Troy Stecher 60 1 2 2
2 Jordan Oesterle Christian Wolanin 40 1 2 2
Penalty Kill 4 Players Forward
Center Wing Time % Phy DF OF
1 Rasmus Kupari Jan Jenik 60 1 2 2
2 Cameron Hughes Curtis Douglas 40 1 2 2
Penalty Kill 4 Players Defense
Defense Defense Time % Phy DF OF
1 Ethan Bear Troy Stecher 60 1 2 2
2 Jordan Oesterle Christian Wolanin 40 1 2 2
Penalty Kill - 3 Players Forward
Forward Time % Phy DF OF
1 Rasmus Kupari 60 1 2 2
2 Jan Jenik 40 1 2 2
Penalty Kill - 3 Players Defense
Defense Defense Time % Phy DF OF
1 Ethan Bear Troy Stecher 60 1 2 2
2 Jordan Oesterle Christian Wolanin 40 1 2 2
4 vs 4 Forward
Center Wing Time % Phy DF OF
1 Rasmus Kupari Jan Jenik 60 1 2 2
2 Cameron Hughes Curtis Douglas 40 1 2 2
4 vs 4 Defense
Defense Defense Time % Phy DF OF
1 Ethan Bear Troy Stecher 60 1 2 2
2 Jordan Oesterle Christian Wolanin 40 1 2 2
Last Minutes Offensive
Center Left Wing Right Wing Defense Defense
Rasmus Kupari Cameron Hughes Tyce Thompson Ethan Bear Troy Stecher
Last Minutes Defensive
Center Left Wing Right Wing Defense Defense
Rasmus Kupari Cameron Hughes Tyce Thompson Ethan Bear Troy Stecher
Goaltenders
Starting : Michael Hutchinson
Backup : Michael McNiven
Extra Forwards
Normal : Marco Rossi, Cole Koepke, Simon Ryfors - PP : Marco Rossi, Cole Koepke - PK : Simon Ryfors
Extra Defensemen
Normal : Sami Niku, Simon Lundmark, Jordan Oesterle - PP : Sami Niku - PK : Simon Lundmark, Jordan Oesterle
Penalty Shots
Rasmus Kupari, Jan Jenik, Cameron Hughes, Curtis Douglas, Marco Rossi
Erie Otters
5 vs 5 Forward
Center Left Wing Right Wing Time % Phy DF OF
1 Alex Newhook Trent Frederic Paul Cotter 30 1 2 2
2 Andy Andreoff Michael Eyssimont Sampo Ranta 30 1 2 2
3 Aaron Luchuk Alex Gallant Ty Ronning 25 1 2 2
4 Abbott Girduckis Adam Brubacher Alex-Olivier Voyer 15 1 2 2
5 vs 5 Defense
Defense Defense Time % Phy DF OF
1 Adam Clendening Alex Biega 35 1 2 2
2 Aaron Ness Alex Petrovic 35 1 2 2
3 Alec McCrea Kevin Davis 30 1 2 2
4 Adam Clendening Alex Biega 0 1 2 2
PowerPlay Forward
Center Left Wing Right Wing Time % Phy DF OF
1 Alex Newhook Trent Frederic Paul Cotter 50 1 2 2
2 Andy Andreoff Michael Eyssimont Sampo Ranta 50 1 2 2
PowerPlay Defense
Defense Defense Time % Phy DF OF
1 Adam Clendening Alex Biega 50 1 2 2
2 Aaron Ness Alex Petrovic 50 1 2 2
Penalty Kill 4 Players Forward
Center Wing Time % Phy DF OF
1 Alex Newhook Trent Frederic 50 1 2 2
2 Andy Andreoff Paul Cotter 50 1 2 2
Penalty Kill 4 Players Defense
Defense Defense Time % Phy DF OF
1 Adam Clendening Alex Biega 50 1 2 2
2 Aaron Ness Alex Petrovic 50 1 2 2
Penalty Kill - 3 Players Forward
Forward Time % Phy DF OF
1 Alex Newhook 50 1 2 2
2 Trent Frederic 50 1 2 2
Penalty Kill - 3 Players Defense
Defense Defense Time % Phy DF OF
1 Adam Clendening Alex Biega 50 1 2 2
2 Aaron Ness Alex Petrovic 50 1 2 2
4 vs 4 Forward
Center Wing Time % Phy DF OF
1 Alex Newhook Trent Frederic 50 1 2 2
2 Andy Andreoff Paul Cotter 50 1 2 2
4 vs 4 Defense
Defense Defense Time % Phy DF OF
1 Adam Clendening Alex Biega 50 1 2 2
2 Aaron Ness Alex Petrovic 50 1 2 2
Last Minutes Offensive
Center Left Wing Right Wing Defense Defense
Alex Newhook Trent Frederic Paul Cotter Adam Clendening Alex Biega
Last Minutes Defensive
Center Left Wing Right Wing Defense Defense
Alex Newhook Trent Frederic Paul Cotter Adam Clendening Alex Biega
Goaltenders
Starting : Adam Werner
Backup : Keith Kinkaid
Extra Forwards
Normal : Ty Ronning, Alex-Olivier Voyer, Aaron Luchuk - PP : Ty Ronning, Alex-Olivier Voyer - PK : Aaron Luchuk
Extra Defensemen
Normal : Aaron Ness, Kevin Davis, Adam Brubacher - PP : Aaron Ness - PK : Kevin Davis, Adam Brubacher
Penalty Shots
Alex Newhook, Trent Frederic, Andy Andreoff, Paul Cotter, Michael Eyssimont
% Time on Ice - London Knights
Lines # - Real PCT - Wanted PCT - Time Play
Normal Forward
1 - 36% - 40% - 17:25
2 - 28% - 30% - 13:24
3 - 21% - 20% - 10:16
4 - 14% - 10% - 6:41
Normal Defense
1 - 42% - 40% - 19:55
2 - 33% - 30% - 15:33
3 - 22% - 20% - 10:22
4 - 4% - 10% - 1:56
PP Forward
1 - 54% - 60% - 3:40
2 - 46% - 40% - 3:04
PP Defense
1 - 61% - 60% - 4:08
2 - 39% - 40% - 2:36
PK Forward
1 - 79% - 60% - 4:21
2 - 21% - 40% - 1:09
PK Defense
1 - 62% - 60% - 3:26
2 - 38% - 40% - 2:04
PK3 Forward
1 - 0% - 60%
2 - 0% - 40%
PK3 Defense
1 - 0% - 60%
2 - 0% - 40%
44 Forward
1 - 0% - 60%
2 - 0% - 40%
44 Defense
1 - 0% - 60%
2 - 0% - 40%
Last Minute Offensive - 0:00
Last Minute Defensive - 0:00
Total
Forward - 60:00
Defense - 60:00
|
% Time on Ice - Erie Otters
Lines # - Real PCT - Wanted PCT - Time Play
Normal Forward
1 - 28% - 30% - 13:31
2 - 28% - 30% - 13:14
3 - 27% - 25% - 13:01
4 - 17% - 15% - 8:00
Normal Defense
1 - 32% - 35% - 15:29
2 - 33% - 35% - 15:58
3 - 34% - 30% - 16:19
4 - 0% - 0% - 0:00
PP Forward
1 - 54% - 50% - 2:58
2 - 46% - 50% - 2:32
PP Defense
1 - 55% - 50% - 3:03
2 - 45% - 50% - 2:27
PK Forward
1 - 42% - 50% - 2:51
2 - 58% - 50% - 3:53
PK Defense
1 - 49% - 50% - 3:18
2 - 51% - 50% - 3:26
PK3 Forward
1 - 0% - 50%
2 - 0% - 50%
PK3 Defense
1 - 0% - 50%
2 - 0% - 50%
44 Forward
1 - 0% - 50%
2 - 0% - 50%
44 Defense
1 - 0% - 50%
2 - 0% - 50%
Last Minute Offensive - 0:00
Last Minute Defensive - 0:00
Total
Forward - 60:00
Defense - 60:00
|
Play-by-Play
1st period
0:01 of 1st period - Cameron Hughes wins face-off versus Alex Newhook in neutral zone.
0:04 of 1st period - Paul Cotter is hit by Troy Stecher and loses puck.
0:25 of 1st period - Troy Stecher is hit by Adam Clendening and loses puck.
0:41 of 1st period - Jan Jenik beats up Adam Brubacher.
0:41 of 1st period - Penalty to Adam Brubacher for Fighting.
0:41 of 1st period - Penalty to Jan Jenik for Fighting.
0:42 of 1st period - Curtis Douglas wins face-off versus Aaron Luchuk in London Knights zone.
0:42 of 1st period - Curtis Douglas is hit by Alec McCrea.
0:54 of 1st period - Snap shot by Aaron Luchuk.
0:54 of 1st period - Shot Misses the Net.
1:01 of 1st period - Minor Penalty to Alex Gallant for Holding Stick.
1:02 of 1st period - Alex Newhook wins face-off versus Rasmus Kupari in Erie Otters zone.
1:10 of 1st period - Wrist shot by Tyce Thompson.
1:10 of 1st period - Shot Blocked by Alex Biega.
1:12 of 1st period - Slapshot by Ethan Bear.
1:12 of 1st period - Shot Misses the Net.
1:14 of 1st period - Slapshot by Tyce Thompson.
1:14 of 1st period - Shot Misses the Net.
2:54 of 1st period - Slapshot by Cole Koepke.
2:54 of 1st period - Shot Misses the Net.
2:56 of 1st period - Snap shot by Troy Stecher.
2:56 of 1st period - Deflect By Cole Koepke.
2:56 of 1st period - Shot Misses the Net.
2:56 of 1st period - Puck is out of play.
2:57 of 1st period - Aaron Luchuk wins face-off versus Rasmus Kupari in Erie Otters zone.
3:01 of 1st period - Penalty to Alex Gallant is over, Alex Gallant is back on ice.
3:12 of 1st period - Snap shot by Michael Eyssimont.
3:12 of 1st period - Shot Blocked by Troy Stecher.
3:29 of 1st period - Wrist shot by Aaron Luchuk.
3:29 of 1st period - Stopped by Michael Hutchinson with a rebound.
3:31 of 1st period - Slapshot by Kevin Davis.
3:31 of 1st period - Stopped by Michael Hutchinson without a rebound.
3:32 of 1st period - Marco Rossi wins face-off versus Abbott Girduckis in London Knights zone.
3:37 of 1st period - Slapshot by Christian Wolanin.
3:37 of 1st period - Stopped by Adam Werner with a rebound.
3:47 of 1st period - Snap shot by Ty Ronning.
3:47 of 1st period - Shot Blocked by Jordan Oesterle.
4:47 of 1st period - Alex Biega is hit by Curtis Douglas and loses puck.
5:20 of 1st period - Abbott Girduckis is hit by Connor Bunnaman and loses puck.
5:31 of 1st period - Andy Andreoff is hit by Ethan Bear and loses puck.
5:42 of 1st period - Cole Koepke is hit by Alex Biega and loses puck.
5:49 of 1st period - Sampo Ranta is hit by Cole Koepke and loses puck.
6:13 of 1st period - Icing by Adam Clendening.
6:14 of 1st period - Alex Newhook wins face-off versus Rasmus Kupari in Erie Otters zone.
6:14 of 1st period - Alex Newhook is hit by Cameron Hughes.
6:20 of 1st period - Rasmus Kupari is hit by Adam Clendening and loses puck.
6:25 of 1st period - Snap shot by Alex Newhook.
6:25 of 1st period - Shot Misses the Net.
6:27 of 1st period - Snap shot by Paul Cotter.
6:27 of 1st period - Deflect By Tyce Thompson.
6:27 of 1st period - Stopped by Michael Hutchinson with a rebound.
7:03 of 1st period - Snap shot by Cole Koepke.
7:03 of 1st period - Stopped by Adam Werner without a rebound.
7:04 of 1st period - Alex Newhook wins face-off versus Curtis Douglas in Erie Otters zone.
7:15 of 1st period - Snap shot by Trent Frederic.
7:15 of 1st period - Stopped by Michael Hutchinson with a rebound.
7:17 of 1st period - Snap shot by Alex Newhook.
7:17 of 1st period - Goal by Alex Newhook - London Knights : 0 - Erie Otters : 1.
7:18 of 1st period - Rasmus Kupari wins face-off versus Andy Andreoff in neutral zone.
7:48 of 1st period - Icing by Jordan Oesterle.
7:49 of 1st period - Rasmus Kupari wins face-off versus Aaron Luchuk in London Knights zone.
8:32 of 1st period - Wrist shot by Nick Swaney.
8:32 of 1st period - Shot Misses the Net.
8:34 of 1st period - Wrist shot by Jan Jenik.
8:34 of 1st period - Shot Misses the Net.
8:40 of 1st period - Snap shot by Jan Jenik.
8:40 of 1st period - Stopped by Adam Werner with a rebound.
8:42 of 1st period - Wrist shot by Connor Bunnaman.
8:42 of 1st period - Shot Misses the Net.
8:44 of 1st period - Slapshot by Troy Stecher.
8:44 of 1st period - Deflect By Nick Swaney.
8:44 of 1st period - Shot Blocked by Aaron Ness.
8:44 of 1st period - Puck is out of play.
8:45 of 1st period - Alex Newhook wins face-off versus Rasmus Kupari in Erie Otters zone.
8:47 of 1st period - Kevin Davis and Simon Lundmark fight to a draw.
8:47 of 1st period - Penalty to Kevin Davis for Fighting.
8:47 of 1st period - Penalty to Simon Lundmark for Fighting.
8:48 of 1st period - Alex Newhook wins face-off versus Rasmus Kupari in neutral zone.
10:06 of 1st period - Alex-Olivier Voyer is hit by Cameron Hughes and loses puck.
10:13 of 1st period - Snap shot by Rasmus Kupari.
10:13 of 1st period - Stopped by Adam Werner with a rebound.
10:15 of 1st period - Wrist shot by Rasmus Kupari.
10:15 of 1st period - Shot Misses the Net.
10:17 of 1st period - Wrist shot by Tyce Thompson.
10:17 of 1st period - Stopped by Adam Werner without a rebound.
10:18 of 1st period - Jan Jenik wins face-off versus Alex Newhook in Erie Otters zone.
11:22 of 1st period - Wrist shot by Jan Jenik.
11:22 of 1st period - Shot Misses the Net.
11:24 of 1st period - Wrist shot by Nick Swaney.
11:24 of 1st period - Stopped by Adam Werner without a rebound.
11:25 of 1st period - Jan Jenik wins face-off versus Adam Brubacher in Erie Otters zone.
11:35 of 1st period - Wrist shot by Nick Swaney.
11:35 of 1st period - Deflect By Jan Jenik.
11:35 of 1st period - Shot Misses the Net.
11:35 of 1st period - Puck is out of play.
11:36 of 1st period - Trent Frederic wins face-off versus Curtis Douglas in Erie Otters zone.
11:36 of 1st period - Trent Frederic is hit by Curtis Douglas.
11:39 of 1st period - Cole Koepke beats up Paul Cotter.
11:39 of 1st period - Penalty to Paul Cotter for Fighting.
11:39 of 1st period - Penalty to Cole Koepke for Fighting.
11:40 of 1st period - Andy Andreoff wins face-off versus Rasmus Kupari in neutral zone.
11:54 of 1st period - Off-side.
11:55 of 1st period - Alex Newhook wins face-off versus Jan Jenik in neutral zone.
12:00 of 1st period - Wrist shot by Trent Frederic.
12:00 of 1st period - Stopped by Michael Hutchinson without a rebound.
12:01 of 1st period - Alex Newhook wins face-off versus Jan Jenik in London Knights zone.
12:36 of 1st period - Icing by Christian Wolanin.
12:37 of 1st period - Rasmus Kupari wins face-off versus Aaron Luchuk in London Knights zone.
13:26 of 1st period - Snap shot by Jan Jenik.
13:26 of 1st period - Stopped by Adam Werner with a rebound.
13:28 of 1st period - Slapshot by Troy Stecher.
13:28 of 1st period - Shot Misses the Net.
14:48 of 1st period - Off-side.
14:49 of 1st period - Alex Newhook wins face-off versus Jan Jenik in neutral zone.
14:49 of 1st period - Alex Newhook is hit by Connor Bunnaman.
14:57 of 1st period - Snap shot by Trent Frederic.
14:57 of 1st period - Shot Blocked by Christian Wolanin.
14:59 of 1st period - Minor Penalty to Nick Swaney for Roughing.
15:00 of 1st period - Rasmus Kupari wins face-off versus Alex Newhook in London Knights zone.
15:06 of 1st period - Icing by Alex Newhook.
15:07 of 1st period - Alex Newhook wins face-off versus Rasmus Kupari in Erie Otters zone.
15:25 of 1st period - Icing by Alex Newhook.
15:26 of 1st period - Rasmus Kupari wins face-off versus Alex Newhook in Erie Otters zone.
15:53 of 1st period - Wrist shot by Trent Frederic.
15:53 of 1st period - Shot Misses the Net.
16:13 of 1st period - Snap shot by Trent Frederic.
16:13 of 1st period - Stopped by Michael Hutchinson without a rebound.
16:14 of 1st period - Andy Andreoff wins face-off versus Cameron Hughes in London Knights zone.
16:15 of 1st period - Slapshot by Michael Eyssimont.
16:15 of 1st period - Shot Blocked by Jordan Oesterle.
16:17 of 1st period - Wrist shot by Andy Andreoff.
16:17 of 1st period - Shot Misses the Net.
16:25 of 1st period - Wrist shot by Andy Andreoff.
16:25 of 1st period - Shot Blocked by Jordan Oesterle.
16:27 of 1st period - Slapshot by Andy Andreoff.
16:27 of 1st period - Shot Misses the Net.
16:29 of 1st period - Slapshot by Aaron Ness.
16:29 of 1st period - Goal by Aaron Ness - London Knights : 0 - Erie Otters : 2.
16:30 of 1st period - Andy Andreoff wins face-off versus Rasmus Kupari in neutral zone.
16:37 of 1st period - Snap shot by Michael Eyssimont.
16:37 of 1st period - Shot Blocked by Troy Stecher.
16:39 of 1st period - Wrist shot by Andy Andreoff.
16:39 of 1st period - Shot Blocked by Troy Stecher.
16:55 of 1st period - Ethan Bear is hit by Alex Newhook and loses puck.
17:00 of 1st period - Slapshot by Alex Newhook.
17:00 of 1st period - Shot Misses the Net.
17:02 of 1st period - Snap shot by Paul Cotter.
17:02 of 1st period - Goal by Paul Cotter - London Knights : 0 - Erie Otters : 3.
17:03 of 1st period - Rasmus Kupari wins face-off versus Andy Andreoff in neutral zone.
17:19 of 1st period - Wrist shot by Tyce Thompson.
17:19 of 1st period - Shot Blocked by Alec McCrea.
17:31 of 1st period - Snap shot by Cole Koepke.
17:31 of 1st period - Deflect By Curtis Douglas.
17:31 of 1st period - Shot Misses the Net.
17:31 of 1st period - Puck is out of play.
17:32 of 1st period - Curtis Douglas wins face-off versus Alex Newhook in Erie Otters zone.
17:36 of 1st period - Minor Penalty to Alex Petrovic for Tripping.
17:37 of 1st period - Rasmus Kupari wins face-off versus Andy Andreoff in Erie Otters zone.
17:39 of 1st period - Wrist shot by Cameron Hughes.
17:39 of 1st period - Shot Blocked by Paul Cotter.
17:49 of 1st period - Snap shot by Tyce Thompson.
17:49 of 1st period - Stopped by Adam Werner with a rebound.
17:51 of 1st period - Snap shot by Rasmus Kupari.
17:51 of 1st period - Shot Misses the Net.
17:53 of 1st period - Slapshot by Rasmus Kupari.
17:53 of 1st period - Shot Misses the Net.
18:04 of 1st period - Icing by Nick Swaney.
18:05 of 1st period - Jan Jenik wins face-off versus Alex Newhook in London Knights zone.
18:23 of 1st period - Slapshot by Nick Swaney.
18:23 of 1st period - Goal by Nick Swaney - London Knights : 1 - Erie Otters : 3.
18:24 of 1st period - Aaron Luchuk wins face-off versus Rasmus Kupari in neutral zone.
18:27 of 1st period - Snap shot by Ty Ronning.
18:27 of 1st period - Stopped by Michael Hutchinson with a rebound.
18:29 of 1st period - Snap shot by Ty Ronning.
18:29 of 1st period - Shot Hit the Post.
18:31 of 1st period - Slapshot by Alex Petrovic.
18:31 of 1st period - Stopped by Michael Hutchinson with a rebound.
19:26 of 1st period - Snap shot by Rasmus Kupari.
19:26 of 1st period - Shot Misses the Net.
19:34 of 1st period - Snap shot by Rasmus Kupari.
19:34 of 1st period - Deflect By Cameron Hughes.
19:34 of 1st period - Shot Hit the Post.
19:34 of 1st period - Puck is out of play.
19:35 of 1st period - Alex Newhook wins face-off versus Nick Swaney in Erie Otters zone.
19:50 of 1st period - Snap shot by Nick Swaney.
19:50 of 1st period - Stopped by Adam Werner with a rebound.
Goals for this period are 1 for London Knights vs 3 for Erie Otters.
Shots for this period are 10 for London Knights vs 11 for Erie Otters.
2nd period
0:01 of 2nd period - Rasmus Kupari wins face-off versus Ty Ronning in neutral zone.
0:04 of 2nd period - Snap shot by Tyce Thompson.
0:04 of 2nd period - Shot Misses the Net.
0:06 of 2nd period - Slapshot by Simon Lundmark.
0:06 of 2nd period - Shot Misses the Net.
0:32 of 2nd period - Simon Lundmark is hit by Andy Andreoff and loses puck.
1:00 of 2nd period - Snap shot by Alex Newhook.
1:00 of 2nd period - Deflect By Sami Niku.
1:00 of 2nd period - Shot Misses the Net.
1:00 of 2nd period - Puck is out of play.
1:01 of 2nd period - Aaron Luchuk wins face-off versus Rasmus Kupari in London Knights zone.
1:10 of 2nd period - Wrist shot by Ty Ronning.
1:10 of 2nd period - Shot Blocked by Troy Stecher.
1:12 of 2nd period - Wrist shot by Aaron Luchuk.
1:12 of 2nd period - Stopped by Michael Hutchinson with a rebound.
1:14 of 2nd period - Wrist shot by Aaron Luchuk.
1:14 of 2nd period - Shot Misses the Net.
1:26 of 2nd period - Adam Clendening is hit by Troy Stecher.
1:46 of 2nd period - Snap shot by Ethan Bear.
1:46 of 2nd period - Stopped by Adam Werner without a rebound.
1:47 of 2nd period - Alex Newhook wins face-off versus Curtis Douglas in Erie Otters zone.
1:47 of 2nd period - Alex Newhook is hit by Cole Koepke.
3:38 of 2nd period - Cameron Hughes is hit by Alex Biega.
4:06 of 2nd period - Snap shot by Michael Eyssimont.
4:06 of 2nd period - Shot Misses the Net.
5:29 of 2nd period - Wrist shot by Ty Ronning.
5:29 of 2nd period - Shot Blocked by Nick Swaney.
5:31 of 2nd period - Snap shot by Aaron Ness.
5:31 of 2nd period - Shot Misses the Net.
5:33 of 2nd period - Slapshot by Aaron Ness.
5:33 of 2nd period - Deflect By Jan Jenik.
5:33 of 2nd period - Stopped by Michael Hutchinson with a rebound.
5:45 of 2nd period - Slapshot by Troy Stecher.
5:45 of 2nd period - Shot Blocked by Alec McCrea.
6:11 of 2nd period - Alec McCrea is hit by Dominik Bokk and loses puck.
6:22 of 2nd period - Alex-Olivier Voyer is hit by Jordan Oesterle.
6:44 of 2nd period - Snap shot by Jan Jenik.
6:44 of 2nd period - Shot Misses the Net.
6:46 of 2nd period - Slapshot by Jan Jenik.
6:46 of 2nd period - Deflect By Connor Bunnaman.
6:46 of 2nd period - Goal by Connor Bunnaman - London Knights : 2 - Erie Otters : 3.
6:47 of 2nd period - Alex Newhook wins face-off versus Rasmus Kupari in neutral zone.
6:50 of 2nd period - Snap shot by Trent Frederic.
6:50 of 2nd period - Shot Blocked by Ethan Bear.
6:52 of 2nd period - Wrist shot by Paul Cotter.
6:52 of 2nd period - Deflect By Trent Frederic.
6:52 of 2nd period - Shot Misses the Net.
6:52 of 2nd period - Puck is out of play.
6:53 of 2nd period - Paul Cotter wins face-off versus Rasmus Kupari in London Knights zone.
6:58 of 2nd period - Slapshot by Alex Newhook.
6:58 of 2nd period - Shot Blocked by Troy Stecher.
7:00 of 2nd period - Slapshot by Alex Biega.
7:00 of 2nd period - Stopped by Michael Hutchinson with a rebound.
7:02 of 2nd period - Wrist shot by Alex Newhook.
7:02 of 2nd period - Shot Misses the Net.
7:04 of 2nd period - Backhand shot by Paul Cotter.
7:04 of 2nd period - Shot Misses the Net.
7:06 of 2nd period - Snap shot by Trent Frederic.
7:06 of 2nd period - Shot Misses the Net.
7:08 of 2nd period - Slapshot by Adam Clendening.
7:08 of 2nd period - Deflect By Trent Frederic.
7:08 of 2nd period - Stopped by Michael Hutchinson with a rebound.
7:24 of 2nd period - Wrist shot by Tyce Thompson.
7:24 of 2nd period - Stopped by Adam Werner with a rebound.
7:28 of 2nd period - Slapshot by Tyce Thompson.
7:28 of 2nd period - Deflect By Aaron Luchuk.
7:28 of 2nd period - Shot Misses the Net.
7:28 of 2nd period - Puck is out of play.
7:29 of 2nd period - Andy Andreoff wins face-off versus Jan Jenik in Erie Otters zone.
7:59 of 2nd period - Off-side.
8:00 of 2nd period - Curtis Douglas wins face-off versus Aaron Luchuk in neutral zone.
8:09 of 2nd period - Snap shot by Curtis Douglas.
8:09 of 2nd period - Stopped by Adam Werner with a rebound.
8:11 of 2nd period - Backhand shot by Troy Stecher.
8:11 of 2nd period - Stopped by Adam Werner with a rebound.
8:13 of 2nd period - Wrist shot by Curtis Douglas.
8:13 of 2nd period - Stopped by Adam Werner with a rebound.
8:15 of 2nd period - Slapshot by Ethan Bear.
8:15 of 2nd period - Stopped by Adam Werner with a rebound.
8:52 of 2nd period - Snap shot by Christian Wolanin.
8:52 of 2nd period - Shot Blocked by Kevin Davis.
8:54 of 2nd period - Snap shot by Connor Bunnaman.
8:54 of 2nd period - Stopped by Adam Werner with a rebound.
9:24 of 2nd period - Alex Gallant is hit by Curtis Douglas.
10:12 of 2nd period - Snap shot by Nick Swaney.
10:12 of 2nd period - Stopped by Adam Werner with a rebound.
10:14 of 2nd period - Slapshot by Ethan Bear.
10:14 of 2nd period - Shot Misses the Net.
10:16 of 2nd period - Wrist shot by Connor Bunnaman.
10:16 of 2nd period - Stopped by Adam Werner without a rebound.
10:17 of 2nd period - Alex Newhook wins face-off versus Curtis Douglas in Erie Otters zone.
10:17 of 2nd period - Alex Newhook is hit by Curtis Douglas.
10:51 of 2nd period - Wrist shot by Trent Frederic.
10:51 of 2nd period - Deflect By Alex Newhook.
10:51 of 2nd period - Stopped by Michael Hutchinson with a rebound.
10:53 of 2nd period - Snap shot by Trent Frederic.
10:53 of 2nd period - Deflect By Alex Newhook.
10:53 of 2nd period - Stopped by Michael Hutchinson with a rebound.
11:11 of 2nd period - Snap shot by Sampo Ranta.
11:11 of 2nd period - Stopped by Michael Hutchinson with a rebound.
11:13 of 2nd period - Snap shot by Michael Eyssimont.
11:13 of 2nd period - Goal by Michael Eyssimont - London Knights : 2 - Erie Otters : 4.
11:14 of 2nd period - Rasmus Kupari wins face-off versus Sampo Ranta in neutral zone.
11:19 of 2nd period - Snap shot by Rasmus Kupari.
11:19 of 2nd period - Shot Blocked by Sampo Ranta.
12:12 of 2nd period - Slapshot by Ty Ronning.
12:12 of 2nd period - Stopped by Michael Hutchinson with a rebound.
12:14 of 2nd period - Slapshot by Aaron Ness.
12:14 of 2nd period - Shot Misses the Net.
12:16 of 2nd period - Slapshot by Ty Ronning.
12:16 of 2nd period - Shot Misses the Net.
12:32 of 2nd period - Wrist shot by Alex Newhook.
12:32 of 2nd period - Stopped by Michael Hutchinson with a rebound.
12:34 of 2nd period - Snap shot by Alex Newhook.
12:34 of 2nd period - Stopped by Michael Hutchinson without a rebound.
12:35 of 2nd period - Curtis Douglas wins face-off versus Andy Andreoff in London Knights zone.
13:00 of 2nd period - Ty Ronning is hit by Jan Jenik and loses puck.
13:15 of 2nd period - Minor Penalty to Jan Jenik for Roughing.
13:16 of 2nd period - Andy Andreoff wins face-off versus Rasmus Kupari in London Knights zone.
13:41 of 2nd period - Aaron Ness is hit by Rasmus Kupari and loses puck.
15:15 of 2nd period - Penalty to Jan Jenik is over, Jan Jenik is back on ice.
16:05 of 2nd period - Adam Clendening is hit by Ethan Bear and loses puck.
16:18 of 2nd period - Cole Koepke is hit by Alex Biega and loses puck.
16:33 of 2nd period - Backhand shot by Ethan Bear.
16:33 of 2nd period - Stopped by Adam Werner with a rebound.
16:35 of 2nd period - Slapshot by Ethan Bear.
16:35 of 2nd period - Stopped by Adam Werner with a rebound.
17:27 of 2nd period - Cameron Hughes is hit by Kevin Davis.
17:33 of 2nd period - Icing by Jordan Oesterle.
17:34 of 2nd period - Andy Andreoff wins face-off versus Rasmus Kupari in London Knights zone.
18:07 of 2nd period - Slapshot by Cole Koepke.
18:07 of 2nd period - Stopped by Adam Werner without a rebound.
18:08 of 2nd period - Curtis Douglas wins face-off versus Alex Newhook in Erie Otters zone.
18:11 of 2nd period - Wrist shot by Dominik Bokk.
18:11 of 2nd period - Deflect By Curtis Douglas.
18:11 of 2nd period - Shot Misses the Net.
18:11 of 2nd period - Puck is out of play.
18:12 of 2nd period - Rasmus Kupari wins face-off versus Alex Newhook in Erie Otters zone.
18:15 of 2nd period - Wrist shot by Cameron Hughes.
18:15 of 2nd period - Stopped by Adam Werner with a rebound.
18:17 of 2nd period - Slapshot by Tyce Thompson.
18:17 of 2nd period - Shot Misses the Net.
18:19 of 2nd period - Wrist shot by Rasmus Kupari.
18:19 of 2nd period - Shot Blocked by Alec McCrea.
18:21 of 2nd period - Slapshot by Ethan Bear.
18:21 of 2nd period - Stopped by Adam Werner with a rebound.
18:23 of 2nd period - Wrist shot by Rasmus Kupari.
18:23 of 2nd period - Stopped by Adam Werner without a rebound.
18:24 of 2nd period - Rasmus Kupari wins face-off versus Andy Andreoff in Erie Otters zone.
18:34 of 2nd period - Andy Andreoff beats up Troy Stecher.
18:34 of 2nd period - Penalty to Andy Andreoff for Fighting.
18:34 of 2nd period - Penalty to Troy Stecher for Fighting.
18:35 of 2nd period - Rasmus Kupari wins face-off versus Ty Ronning in Erie Otters zone.
18:38 of 2nd period - Snap shot by Tyce Thompson.
18:38 of 2nd period - Stopped by Adam Werner with a rebound.
18:40 of 2nd period - Snap shot by Cameron Hughes.
18:40 of 2nd period - Stopped by Adam Werner with a rebound.
18:42 of 2nd period - Wrist shot by Rasmus Kupari.
18:42 of 2nd period - Shot Misses the Net.
18:44 of 2nd period - Snap shot by Sami Niku.
18:44 of 2nd period - Stopped by Adam Werner without a rebound.
18:45 of 2nd period - Cameron Hughes wins face-off versus Ty Ronning in Erie Otters zone.
18:57 of 2nd period - Minor Penalty to Michael Eyssimont for Tripping.
18:58 of 2nd period - Alex Newhook wins face-off versus Tyce Thompson in Erie Otters zone.
19:18 of 2nd period - Adam Clendening is hit by Tyce Thompson and loses puck.
Goals for this period are 1 for London Knights vs 1 for Erie Otters.
Shots for this period are 19 for London Knights vs 11 for Erie Otters.
3rd period
0:01 of 3rd period - Alex Newhook wins face-off versus Rasmus Kupari in neutral zone.
0:01 of 3rd period - Alex Newhook is hit by Ethan Bear.
0:21 of 3rd period - Aaron Ness is hit by Cameron Hughes and loses puck.
0:57 of 3rd period - Penalty to Michael Eyssimont is over, Michael Eyssimont is back on ice.
1:04 of 3rd period - Paul Cotter is hit by Dominik Bokk.
1:07 of 3rd period - Minor Penalty to Curtis Douglas for Holding Stick.
1:08 of 3rd period - Rasmus Kupari wins face-off versus Ty Ronning in London Knights zone.
3:07 of 3rd period - Penalty to Curtis Douglas is over, Curtis Douglas is back on ice.
3:07 of 3rd period - Sampo Ranta is hit by Ethan Bear and loses puck.
3:12 of 3rd period - Snap shot by Marco Rossi.
3:12 of 3rd period - Stopped by Adam Werner without a rebound.
3:13 of 3rd period - Marco Rossi wins face-off versus Aaron Luchuk in Erie Otters zone.
3:43 of 3rd period - Connor Bunnaman is hit by Alex Petrovic and loses puck.
4:04 of 3rd period - Snap shot by Cole Koepke.
4:04 of 3rd period - Deflect By Curtis Douglas.
4:04 of 3rd period - Stopped by Adam Werner with a rebound.
4:16 of 3rd period - Snap shot by Michael Eyssimont.
4:16 of 3rd period - Deflect By Sampo Ranta.
4:16 of 3rd period - Shot Misses the Net.
4:16 of 3rd period - Puck is out of play.
4:17 of 3rd period - Andy Andreoff wins face-off versus Tyce Thompson in London Knights zone.
5:05 of 3rd period - Off-side.
5:06 of 3rd period - Curtis Douglas wins face-off versus Alex Newhook in neutral zone.
5:11 of 3rd period - Wrist shot by Cole Koepke.
5:11 of 3rd period - Stopped by Adam Werner with a rebound.
5:13 of 3rd period - Wrist shot by Cole Koepke.
5:13 of 3rd period - Stopped by Adam Werner with a rebound.
5:15 of 3rd period - Wrist shot by Cole Koepke.
5:15 of 3rd period - Shot Misses the Net.
5:17 of 3rd period - Wrist shot by Dominik Bokk.
5:17 of 3rd period - Deflect By Cole Koepke.
5:17 of 3rd period - Stopped by Adam Werner without a rebound.
5:18 of 3rd period - Rasmus Kupari wins face-off versus Alex Newhook in Erie Otters zone.
5:21 of 3rd period - Snap shot by Tyce Thompson.
5:21 of 3rd period - Stopped by Adam Werner with a rebound.
5:23 of 3rd period - Wrist shot by Rasmus Kupari.
5:23 of 3rd period - Stopped by Adam Werner without a rebound.
5:24 of 3rd period - Cameron Hughes wins face-off versus Alex Newhook in Erie Otters zone.
5:45 of 3rd period - Minor Penalty to Tyce Thompson for Hooking.
5:46 of 3rd period - Andy Andreoff wins face-off versus Rasmus Kupari in London Knights zone.
5:47 of 3rd period - Slapshot by Sampo Ranta.
5:47 of 3rd period - Goal by Sampo Ranta - London Knights : 2 - Erie Otters : 5.
5:48 of 3rd period - Rasmus Kupari wins face-off versus Paul Cotter in neutral zone.
6:59 of 3rd period - Wrist shot by Marco Rossi.
6:59 of 3rd period - Shot Misses the Net.
7:01 of 3rd period - Snap shot by Simon Lundmark.
7:01 of 3rd period - Shot Blocked by Alex Petrovic.
7:03 of 3rd period - Wrist shot by Simon Ryfors.
7:03 of 3rd period - Stopped by Adam Werner with a rebound.
7:05 of 3rd period - Slapshot by Sami Niku.
7:05 of 3rd period - Shot Blocked by Alex Petrovic.
7:07 of 3rd period - Slapshot by Simon Ryfors.
7:07 of 3rd period - Goal by Simon Ryfors - London Knights : 3 - Erie Otters : 5.
7:08 of 3rd period - Andy Andreoff wins face-off versus Rasmus Kupari in neutral zone.
7:44 of 3rd period - Snap shot by Cole Koepke.
7:44 of 3rd period - Shot Blocked by Adam Clendening.
7:58 of 3rd period - Jordan Oesterle is hit by Michael Eyssimont and loses puck.
8:03 of 3rd period - Snap shot by Andy Andreoff.
8:03 of 3rd period - Stopped by Michael Hutchinson with a rebound.
8:05 of 3rd period - Slapshot by Alec McCrea.
8:05 of 3rd period - Deflect By Sampo Ranta.
8:05 of 3rd period - Shot Misses the Net.
8:05 of 3rd period - Puck is out of play.
8:06 of 3rd period - Tyce Thompson wins face-off versus Alex Newhook in London Knights zone.
8:19 of 3rd period - Off-side.
8:20 of 3rd period - Aaron Luchuk wins face-off versus Jan Jenik in neutral zone.
8:31 of 3rd period - Aaron Ness is hit by Jan Jenik and loses puck.
8:46 of 3rd period - Aaron Ness is hit by Tyce Thompson and loses puck.
9:11 of 3rd period - Abbott Girduckis is hit by Declan McDonnell and loses puck.
9:48 of 3rd period - Backhand shot by Aaron Luchuk.
9:48 of 3rd period - Shot Misses the Net.
9:51 of 3rd period - Icing by Jan Jenik.
9:52 of 3rd period - Trent Frederic wins face-off versus Jan Jenik in London Knights zone.
9:57 of 3rd period - Wrist shot by Alex Newhook.
9:57 of 3rd period - Stopped by Michael Hutchinson with a rebound.
10:42 of 3rd period - Snap shot by Ty Ronning.
10:42 of 3rd period - Shot Misses the Net.
10:44 of 3rd period - Wrist shot by Aaron Luchuk.
10:44 of 3rd period - Shot Misses the Net.
11:22 of 3rd period - Wrist shot by Simon Ryfors.
11:22 of 3rd period - Shot Misses the Net.
11:38 of 3rd period - Simon Ryfors is hit by Alec McCrea and loses puck.
11:53 of 3rd period - Wrist shot by Aaron Luchuk.
11:53 of 3rd period - Shot Misses the Net.
11:57 of 3rd period - Snap shot by Ty Ronning.
11:57 of 3rd period - Stopped by Michael Hutchinson with a rebound.
11:59 of 3rd period - Snap shot by Ty Ronning.
11:59 of 3rd period - Shot Misses the Net.
12:27 of 3rd period - Snap shot by Ty Ronning.
12:27 of 3rd period - Goal by Ty Ronning - London Knights : 3 - Erie Otters : 6.
12:28 of 3rd period - Alex Newhook wins face-off versus Rasmus Kupari in neutral zone.
12:30 of 3rd period - Paul Cotter and Cameron Hughes fight to a draw.
12:30 of 3rd period - Penalty to Paul Cotter for Fighting.
12:30 of 3rd period - Penalty to Cameron Hughes for Fighting.
12:30 of 3rd period - Penalty to Paul Cotter for instigated a fight.
12:30 of 3rd period - Penalty to Paul Cotter for instigated a fight.
12:31 of 3rd period - Alex Newhook wins face-off versus Tyce Thompson in London Knights zone.
13:11 of 3rd period - Wrist shot by Jan Jenik.
13:11 of 3rd period - Shot Misses the Net.
13:13 of 3rd period - Backhand shot by Jan Jenik.
13:13 of 3rd period - London Knights goal is going for a video replay.
13:13 of 3rd period - The goal is refused. The puck has been kicked using a distinct kicking motion..
13:14 of 3rd period - Michael Eyssimont wins face-off versus Rasmus Kupari in Erie Otters zone.
14:30 of 3rd period - Penalty to Paul Cotter is over, Alex Newhook is send on ice.
14:37 of 3rd period - Off-side.
14:38 of 3rd period - Abbott Girduckis wins face-off versus Curtis Douglas in neutral zone.
16:13 of 3rd period - Snap shot by Alex Newhook.
16:13 of 3rd period - Stopped by Michael Hutchinson with a rebound.
16:15 of 3rd period - Snap shot by Alex Newhook.
16:15 of 3rd period - Shot Hit the Post.
16:25 of 3rd period - Kevin Davis is hit by Rasmus Kupari and loses puck.
16:46 of 3rd period - Slapshot by Sami Niku.
16:46 of 3rd period - Shot Misses the Net.
16:54 of 3rd period - Sami Niku is hit by Alex Newhook.
17:04 of 3rd period - Snap shot by Trent Frederic.
17:04 of 3rd period - Stopped by Michael Hutchinson with a rebound.
17:06 of 3rd period - Slapshot by Adam Clendening.
17:06 of 3rd period - Stopped by Michael Hutchinson with a rebound.
17:08 of 3rd period - Snap shot by Alex-Olivier Voyer.
17:08 of 3rd period - Stopped by Michael Hutchinson without a rebound.
17:09 of 3rd period - Andy Andreoff wins face-off versus Rasmus Kupari in London Knights zone.
17:10 of 3rd period - Snap shot by Sampo Ranta.
17:10 of 3rd period - Stopped by Michael Hutchinson with a rebound.
17:12 of 3rd period - Snap shot by Andy Andreoff.
17:12 of 3rd period - Shot Misses the Net.
17:14 of 3rd period - Slapshot by Alex Biega.
17:14 of 3rd period - Shot Misses the Net.
17:16 of 3rd period - Slapshot by Adam Clendening.
17:16 of 3rd period - Deflect By Tyce Thompson.
17:16 of 3rd period - Stopped by Michael Hutchinson with a rebound.
17:18 of 3rd period - Snap shot by Adam Clendening.
17:18 of 3rd period - Deflect By Sampo Ranta.
17:18 of 3rd period - Stopped by Michael Hutchinson without a rebound.
17:19 of 3rd period - Rasmus Kupari wins face-off versus Andy Andreoff in London Knights zone.
17:19 of 3rd period - Rasmus Kupari is hit by Michael Eyssimont.
17:26 of 3rd period - Off-side.
17:27 of 3rd period - Rasmus Kupari wins face-off versus Andy Andreoff in neutral zone.
17:54 of 3rd period - Nick Swaney is hit by Alex Gallant and loses puck.
18:28 of 3rd period - Slapshot by Alex Biega.
18:28 of 3rd period - Shot Blocked by Dominik Bokk.
19:06 of 3rd period - Wrist shot by Trent Frederic.
19:06 of 3rd period - Deflect By Ty Ronning.
19:06 of 3rd period - Shot Misses the Net.
19:06 of 3rd period - Puck is out of play.
19:07 of 3rd period - Marco Rossi wins face-off versus Alex Newhook in London Knights zone.
19:22 of 3rd period - Snap shot by Marco Rossi.
19:22 of 3rd period - Stopped by Adam Werner with a rebound.
19:24 of 3rd period - Snap shot by Marco Rossi.
19:24 of 3rd period - Stopped by Adam Werner with a rebound.
19:26 of 3rd period - Slapshot by Troy Stecher.
19:26 of 3rd period - Deflect By Adam Clendening.
19:26 of 3rd period - Stopped by Adam Werner without a rebound.
19:27 of 3rd period - Andy Andreoff wins face-off versus Rasmus Kupari in Erie Otters zone.
19:54 of 3rd period - Alex Petrovic is hit by Sami Niku and loses puck.
Goals for this period are 1 for London Knights vs 2 for Erie Otters.
Shots for this period are 13 for London Knights vs 12 for Erie Otters.
Back to the Top